 Dungeon Crawl Stone Soup version 0.31-a0-1467-g53b6572822 (webtiles) character file.

Game seed: 11739040376488151125

5876 fold the Mimic (level 10, -12/71 HPs)
             Began as an Octopode Shapeshifter on Dec 28, 2023.
             Was an Initiate of Gozag.
             Mangled by an orc knight
             ... wielding a +0 great mace
              (22 damage)
             ... on level 10 of the Dungeon.
             The game lasted 00:27:36 (12114 turns).

fold the Mimic (Octopode Shapeshifter)             Turns: 12114, Time: 00:27:36

Health: -12/71     AC: 10    Str: 24    XL:     10   Next: 81%
Magic:  0/10       EV:  8    Int: 13    God:    Gozag
Gold:   90         SH:  0    Dex: 21    Spells: 9/9 levels left

rFire   + +          +
                       - Unarmed
rCold   x . .        i - melded +1 kite shield
rNeg    . . .        (helmet currently unavailable)
rPois   +            j - amulet of guardian spirit
rElec   .            q - +6 ring of dexterity
rCorr   .            n - ring of protection from fire
SInv    .            (no ring)
Will    .....        (no ring)
Stlth   +++          (no ring)
HPRegen 0.31/turn    (no ring)
MPRegen 0.12/turn    (no ring)
                     (no ring)

%: guardian spirit
@: mighty, brilliant, dragon-form, gold aura, flying, hasted, very quick
A: dragon claw, dragon scales, breathe fire, flying, boosted hp, almost no
armour, amphibious, 8 rings, giant, (camouflage 1), (gelatinous body 1), (nimble
swimmer 1), (tentacles)
a: Breathe Fire, Begin Untransformation, Renounce Religion, Potion Petition,
Call Merchant, Bribe Branch


You were on level 10 of the Dungeon.
You worshipped Gozag.
Gozag was noncommittal.
You were a fearsome dragon!
You visited 2 branches of the dungeon, and saw 12 of its levels.

You collected 1158 gold pieces.
You paid 1068 gold pieces to Gozag.

Inventory:

Hand Weapons
 y - a +2 whip of electrocution
Missiles
 k - 50 stones (quivered)
 t - a throwing net
Armour
 i - a +1 kite shield (melded)
Jewellery
 j - an amulet of guardian spirit (around neck)
 n - a ring of protection from fire (right foreclaw)
 p - a ring of ice
 q - a +6 ring of dexterity (left foreclaw)
Talismans
 b - a beast talisman
 c - a flux talisman
 o - a dragon-blood talisman (active)
 u - a maw talisman
 w - a maw talisman
Scrolls
 e - 14 scrolls of identify
 f - a scroll of vulnerability
 h - a scroll of revelation
 r - 3 scrolls of enchant armour
 v - 2 scrolls of amnesia
 x - a scroll of butterflies
 B - 3 scrolls of poison
 C - 3 scrolls of enchant weapon {unknown}
 D - a scroll of immolation {unknown}
Potions
 a - 2 potions of lignification
 d - 3 potions of enlightenment
 l - a potion of brilliance
 m - a potion of haste {unknown}
 s - 4 potions of attraction
 A - a potion of cancellation {unknown}
Miscellaneous
 z - a phantom mirror


   Skills:
 - Level 1.0 Fighting
 - Level 2.0 Dodging
 - Level 3.3 Stealth
 - Level 1.7 Shields
 - Level 3.8 Unarmed Combat
 + Level 14.2 Shapeshifting


You had 9 spell levels left.
You didn't know any spells.
Your spell library contained the following spells:

 Spells                   Type           Power      Damage    Failure   Level
 Inner Flame              Hex/Fire       0%         N/A       67%         3
 Irradiate                Conj/Alch      0%         3d11      100%        5
 Ignition                 Fire           0%         3d3       100%        8


Dungeon Overview and Level Annotations

Branches:
Dungeon (11/15)            Temple (1/1) D:6            Lair (0/5) D:8
    Orc: D:9-12

Altars:
Ashenzari
Cheibriados
Dithmenos
Elyvilon
Fedhas
Gozag
Hepliaklqana
Kikubaaqudgha
Makhleb
Nemelex Xobeh
Okawaru
Qazlal
Ru
Sif Muna
Trog
Uskayaw
Vehumet
Wu Jian
Xom
Yredelemnul
Zin
The Shining One

Shops:
D:2 *

Annotations:
D:7 3 runed translucent doors, GrimJard's ghost, novice HOFi


Innate Abilities, Weirdness & Mutations

You are a fearsome dragon!
You have a powerful clawing attack.
Your giant scaled body is strong and resilient, but less evasive.
You can breathe fire.
You are flying.
Your maximum health is increased.
Your armour is entirely melded.
You are incapable of wielding weapons or throwing items.
You cannot wear most types of armour.
You are amphibious.
You can wear up to eight rings at the same time.
((Your skin changes colour to match your surroundings (Stealth+).))
((Your rubbery body absorbs attacks. (AC +1, EV +1)))
((You are camouflaged when in or above water. (Stealth+)))
((You have tentacles for arms and can constrict up to eight enemies at once.))


Message History

The killer bee stings you but does no damage.
You bite the killer bee!!
You kill the killer bee!
You are no longer corroded.
You barely miss the orc knight. Your bite misses the orc knight.
You feel sick.
You are no longer poisoned.
The orc knight roars a battlecry!
The orc goes into a battle-frenzy!
You bite the orc knight!!
The orc knight is moderately wounded.
You completely miss the orc knight.
The orc knight is moderately wounded.
The orc knight hits you with a +0 great mace!
* * * LOW HITPOINT WARNING * * *
The orc is distracted by your dazzling golden aura.
The orc shouts!
Unknown command.
You barely miss the orc knight.
You tail-slap the orc knight, but do no damage.
The orc knight is moderately wounded.
The orc is distracted by your dazzling golden aura.
The orc knight hits you but does no damage.
You closely miss the orc knight.
The orc knight is moderately wounded.
The orc shouts!
The orc no longer looks unusually strong.
Unknown command.
You claw the orc knight! You bite the orc knight.
The orc knight is heavily wounded.
The orc knight hits you with a +0 great mace!
* * * LOW HITPOINT WARNING * * *
Unknown command.
You claw the orc knight!
The orc knight is severely wounded.
You bite the orc knight!!
Your tail-slap misses the orc knight.
You claw the orc knight.
The orc knight is almost dead.
The orc knight hits you with a +0 great mace!!
You die...
Your body crumbles into a pile of gold.

##############
#...ooD......)
#...o##.......
#....# .......
#...o##.......
###...####....
#≈≈~~~≈≈≈#....
###..o####....
#..>...........
#...............


You could see an orc knight and 2 orcs.

Vanquished Creatures
  A kobold demonologist (D:8)
  A shadow (D:9)
  Sigmund (D:2)
  19 yaks
  A wyvern (D:9)
  A steam dragon (D:9)
  A water moccasin (D:5)
  2 sky beasts
  3 black bears
  An ice beast (D:7)
  2 bullfrogs
  3 scorpions
  2 wights
  3 killer bees (D:10)
  2 howler monkeys
  4 bombardier beetles
  5 hounds
  2 orc priests (D:9)
  A gnoll bouda (D:7)
  2 sleepcaps (D:6)
  4 iguanas
  7 orc wizards
  Terence (D:2)
  Robin (D:2)
  4 gnolls (D:8)
  8 adders
  A shadow imp (D:7)
  A white imp (D:5)
  2 dart slugs
  21 orcs
  12 endoplasms
  17 goblins
  11 hobgoblins
  4 jackals (D:2)
  2 kobolds
  3 quokkas
  2 ball pythons
  3 bats
  3 frilled lizards
  5 rats
169 creatures vanquished.

Notes
Turn   | Place    | Note
-------+----------+-------------------------------------------
     0 | D:1      | fold the Octopode Shapeshifter began the quest for the Orb.
     0 | D:1      | Reached XP level 1. HP: 13/13 MP: 1/1
   132 | D:1      | Reached skill level 1 in Stealth
   170 | D:1      | Reached XP level 2. HP: 18/18 MP: 2/2
   690 | D:2      | Found Yxiac's General Store.
   812 | D:2      | Reached XP level 3. HP: 23/23 MP: 3/3
  1119 | D:2      | Noticed Terence
  1137 | D:2      | Killed Terence
  1140 | D:2      | Reached skill level 1 in Shields
  1191 | D:2      | Reached XP level 4. HP: 28/28 MP: 4/4
  1820 | D:2      | Noticed Robin
  1852 | D:2      | Killed Robin
  2002 | D:2      | Noticed Sigmund
  2239 | D:2      | Reached XP level 5. HP: 15/33 MP: 1/5
  2740 | D:3      | Reached skill level 4 in Shapeshifting
  3359 | D:4      | Reached XP level 6. HP: 37/38 MP: 6/6
  3636 | D:4      | Reached skill level 5 in Shapeshifting
  4111 | D:5      | Entered Level 5 of the Dungeon
  4132 | D:5      | Found a stormy altar of Qazlal.
  4227 | D:5      | Reached skill level 6 in Shapeshifting
  4227 | D:5      | Reached XP level 7. HP: 32/43 MP: 4/7
  4667 | D:5      | Found an ornate altar of the Wu Jian Council.
  4790 | D:5      | Reached skill level 7 in Shapeshifting
  5481 | D:6      | Reached XP level 8. HP: 36/48 MP: 8/8
  5761 | D:6      | Reached skill level 8 in Shapeshifting
  6263 | D:6      | Found a staircase to the Ecumenical Temple.
  6275 | Temple   | Entered the Ecumenical Temple
  6284 | Temple   | Became a worshipper of Gozag Ym Sagoz the Greedy
  6417 | D:6      | Found a shimmering altar of Xom.
  6912 | D:7      | Found a runed translucent gate.
  6913 | D:7      | Noticed a manticore
  6922 | D:7      | Found a runed translucent gate.
  6923 | D:7      | Found a runed translucent gate.
  7176 | D:7      | Noticed GrimJard's ghost (novice HOFi)
  7400 | D:7      | Reached skill level 9 in Shapeshifting
  8052 | D:8      | Noticed an elephant
  8231 | D:8      | Noticed a yak
  8235 | D:8      | Found a snail-covered altar of Cheibriados.
  8235 | D:8      | Found a blossoming altar of Fedhas.
  8235 | D:8      | Found a basalt altar of Yredelemnul.
  8244 | D:8      | Noticed a yak
  8262 | D:8      | Noticed a yak
  8594 | D:2      | Killed Sigmund
  8595 | D:2      | Reached skill level 10 in Shapeshifting
  8595 | D:2      | Reached XP level 9. HP: 20/53 MP: 3/9
  9476 | D:8      | Reached skill level 11 in Shapeshifting
 10062 | D:8      | Found a staircase to the Lair.
 10274 | D:9      | Reached skill level 12 in Shapeshifting
 10279 | D:9      | Noticed a kobold demonologist
 10456 | D:9      | Reached XP level 10. HP: 16/58 MP: 2/10
 10628 | D:9      | Reached skill level 13 in Shapeshifting
 10934 | D:9      | Found a white marble altar of Elyvilon.
 11181 | D:8      | Killed a kobold demonologist
 11629 | D:9      | Reached skill level 14 in Shapeshifting
 11926 | D:10     | Entered Level 10 of the Dungeon
 11926 | D:10     | Noticed an orc knight
 12114 | D:10     | Mangled by an orc knight

Illustrated notes

Levels and vault maps discovered:
D:1:      psy_arrival_basics, layout_basic, lemuel_flame_loot_1
D:2:      layout_basic, serial_shops, nicolae_shop_pleasant_corner_grove,
          uniq_sigmund, uniq_terence, uniq_robin
D:3:      layout_rooms
D:4:      layout_loops_ring
D:5:      layout_rooms, mainiacjoe_overflow_six_doors_small,
          nicolae_qazlal_scattered_showers
D:6:      layout_basic, regret_index_xom_buried_treasure,
          minmay_temple_entry_statues
D:7:      layout_layer_cave, gammafunk_ghost_split
D:8:      layout_gridville, gammafunk_temple_overflow_forgotten,
          grunt_lair_entry_orc_guard_hut
D:9:      layout_basic, lemuel_round_altar, lemuel_flamethrower_hall
D:10:     layout_small_grid, serial_rivers, chequers_serial_rivers_small_b,
          chequers_serial_rivers_marsh, chequers_serial_rivers_micro_a,
          chequers_serial_rivers_large_b, chequers_serial_rivers_micro_b,
          uniq_maurice
D:11:     layout_big_octagon, orc_0_dummy, portal_ice_cave_rime
Temple:   eino_wide_crystal_templ

Skill      XL: |  1  2  3  4  5  6  7  8  9 10 |
---------------+-------------------------------+-----
Stealth        | 1 2 3 |  3.3
Shields        | 1 |  1.7
Shapeshifting  | 4 6 7 10 12 14 | 14.2
Fighting       | |  1.0
Dodging        | |  2.0
Unarmed Combat | |  3.8

Action                     |  1- 3 |  4- 6 |  7- 9 | 10-12 || total
---------------------------+-------+-------+-------+-------++-------
  Melee: Unarmed           |    57 |   114 |   207 |    84 ||   462
         Constrict         |    18 |    32 |    43 |     4 ||    97
         Punch             |     1 |     2 |     7 |     2 ||    12
         Tentacles         |    12 |    31 |    64 |    22 ||   129
         Maw               |       |       |    48 |    30 ||    78
         Tailslap          |       |       |       |     3 ||     3
         Bite              |       |       |       |     1 ||     1
  Throw: Stone             |       |       |     3 |     2 ||     5
 Invoke: Potion Petition   |       |       |     1 |     2 ||     3
Ability: Begin Untransform |       |       |     2 |     1 ||     3
  Evoke: Wand              |       |       |       |     9 ||     9
    Use: Potion            |     1 |     4 |     6 |     1 ||    12
         Scroll            |       |    10 |     7 |     2 ||    19
   Stab: Sleeping          |     3 |    10 |     7 |     1 ||    21
         Invisible         |       |     1 |     2 |       ||     3
         Distracted        |       |       |     1 |       ||     1
 Armour: Skin              |    15 |    39 |   114 |    54 ||   222
  Dodge: Dodged            |    21 |    41 |    71 |    32 ||   165
  Block: Kite shield       |     8 |    31 |    97 |    28 ||   164
   Form: Beast             |     1 |       |     1 |       ||     2
         Maw               |       |       |     2 |       ||     2
         Dragon            |       |       |       |     1 ||     1

Table legend: (Time is in decaauts)
 A = Elapsed time spent in this place.
 B = Non-inter-level travel time spent in this place.
 C = Inter-level travel time spent in this place.
 D = Time resting spent in this place.
 E = Time spent auto-exploring this place.
 F = Levels seen in this place.
 G = Mean time per level.
                   A        B        C        D        E       F      G
               +--------+--------+--------+--------+--------+-----+--------+
         Total |  12163 |  11487 |    676 |   3933 |   4863 |  12 | 1013.6 |
       Dungeon |  12144 |  11485 |    659 |   3933 |   4863 |  11 | 1104.0 |
        Temple |     18 |      1 |     17 |      0 |      0 |   1 |   18.0 |
               +--------+--------+--------+--------+--------+-----+--------+

Top non-repeatable levels by time:
     D:2: 2368 daAuts
     D:7: 1728 daAuts
     D:9: 1601 daAuts
     D:8: 1313 daAuts
     D:5: 1303 daAuts
     D:6: 1116 daAuts
     D:4: 1061 daAuts
     D:3: 916 daAuts
     D:1: 589 daAuts
    D:10: 142 daAuts
  Temple: 18 daAuts
    D:11: 1 daAuts
